 Dungeon Crawl Stone Soup version 0.27.1-35-g4d5d836560 (console) character file.

Game seed: 13794367611783397245

16288 Banquo the Cleaver (level 12, -3/97 HPs)
             Began as a Formicid Fighter on Mar 3, 2022.
             Was an Initiate of Gozag.
             Slain by Rupert (20 damage)
             ... on level 4 of the Lair of Beasts on Mar 4, 2022.
             The game lasted 01:09:27 (14756 turns).

Banquo the Cleaver (Formicid Fighter)              Turns: 14756, Time: 01:09:28

Health: -3/97      AC: 22    Str: 26    XL:     12   Next: 68%
Magic:  12/12      EV: 11    Int: 11    God:    Gozag
Gold:   1049       SH: 13    Dex: 10    Spells: 11/11 levels left

rFire    + . .     SeeInvis +   a - +1 battleaxe (vamp)
rCold    + . .     Faith    .   i - +1 kite shield
rNeg     . . .     Spirit   .   d - +6 scale mail "Xufadavo" {Int+3}
rPois    .         Reflect  .   (helmet unavailable)
rElec    .         Harm     .   e - +0 cloak
rCorr    .         Rampage  .   g - +0 pair of gloves
Will     +....                  f - +0 pair of boots
Stlth    ..........             w - amulet of regeneration
HPRegen  1.26/turn              A - +4 ring of protection
MPRegen  0.13/turn              n - ring "Okkezavun" {rF+ rC+}

@: mighty
A: permanent stasis, dig shafts and tunnels, antennae 3, four strong arms
a: Dig, Shaft Self, Renounce Religion, Potion Petition, Call Merchant, Bribe
Branch


You were on level 4 of the Lair of Beasts.
You worshipped Gozag.
Gozag was most pleased with you.
You visited 2 branches of the dungeon, and saw 14 of its levels.
You also visited: Bailey.

You collected 3938 gold pieces.
You spent 2457 gold pieces at shops.
You paid 432 gold pieces to Gozag.

Inventory:

Hand Weapons
 a - a +1 vampiric battleaxe (weapon)
 b - a +1 demon trident of freezing
 k - a +0 war axe
 s - a +0 arbalest of freezing
 I - the +4 whip of Causality {protect, Dex+2 SInv}
   (You found it on level 6 of the Dungeon)

   It grants its wielder temporary protection when it strikes (+7 to AC).
   Dex:       It affects your dexterity (+2).
   SInv:      It lets you see invisible.
 M - the +5 morningstar "Nijaidorobam" {flame, *Rage +Rage rC- Will+++}
   (You found it on level 7 of the Dungeon)

   It burns those it strikes, dealing additional fire damage.
   rC:        It makes you vulnerable to cold.
   +Rage:     It lets you go berserk.
   *Rage:     It may make you go berserk in combat.
   Will:      It greatly increases your willpower.
Missiles
 c - 64 poisoned darts (quivered)
 h - 52 bolts
 o - 41 boomerangs
 S - 2 throwing nets
Armour
 d - the +6 scale mail "Xufadavo" (worn) {Int+3}
   (You found it in a bailey)

   Int:       It affects your intelligence (+3).
 e - a +0 cloak (worn)
 f - a +0 pair of boots (worn)
 g - a +0 pair of gloves (worn)
 i - a +1 kite shield (worn)
 q - the +3 ring mail "Vegue" {rC+ Regen+}
   (You found it on level 9 of the Dungeon)

   rC:        It protects you from cold.
   Regen:     It increases your rate of health regeneration.
 y - a scarf of invisibility
 B - the +1 plate armour of Beogh's Felicitations {Drain rF+ rN+ Dex+4}
   (You bought it in a shop on level 9 of the Dungeon)

   Dex:       It affects your dexterity (+4).
   rF:        It protects you from fire.
   rN:        It protects you from negative energy.
   Drain:     It drains your maximum health when unequipped.
 O - the +5 ring mail of the Armoured One {Dex+3}
   (You found it on level 2 of the Lair of Beasts)

   Dex:       It affects your dexterity (+3).
Jewellery
 n - the ring "Okkezavun" (right hand) {rF+ rC+}
   (You bought it in a shop on level 5 of the Dungeon)

   [ring of protection from fire]

   rF:        It protects you from fire.
   rC:        It protects you from cold.
 w - an amulet of regeneration (around neck)
 A - a +4 ring of protection (left hand)
 C - a ring of protection from cold
 J - a ring of positive energy
 L - a ring of flight
Wands
 j - a wand of acid (11)
 t - a wand of digging (5)
 u - a wand of flame (13)
 P - a wand of iceblast (43)
 R - a wand of mindburst (15)
Scrolls
 l - 3 scrolls of fog
 m - 3 scrolls of magic mapping
 D - 2 scrolls of amnesia
 F - a scroll of acquirement
 K - 2 scrolls of noise
 N - 2 scrolls of enchant armour
 Q - 2 scrolls of vulnerability {unknown}
 T - a scroll of brand weapon {unknown}
Potions
 p - 3 potions of might
 r - a potion of flight
 v - 3 potions of ambrosia
 x - 11 potions of curing
 z - a potion of resistance
 E - a potion of invisibility
 G - 3 potions of heal wounds
 H - 2 potions of cancellation


   Skills:
 * Level 10.1 Fighting
 * Level 14.1 Axes
 * Level 7.7 Armour
 * Level 4.2 Dodging
 - Level 9.0 Shields


You had 11 spell levels left.
You didn't know any spells.
Your spell library contained the following spells:

 Spells                   Type           Power      Damage    Failure   Level
 Corona                   Hex            0%         N/A       58%         1
 Ensorcelled Hibernation  Hex/Ice        0%         N/A       73%         2
 Frozen Ramparts          Ice            0%         1d2       91%         3
 Tukima's Dance           Hex            0%         N/A       91%         3
 Ice Form                 Ice/Tmut       0%         N/A       100%        4
 Summon Ice Beast         Ice/Summ       0%         N/A       100%        4
 Manifold Assault         Tloc           0%         N/A       100%        5
 Storm Form               Tmut/Air       0%         N/A       100%        7
 Blink                    Tloc           Unusable   N/A       N/A         2

Dungeon Overview and Level Annotations

Branches:
Dungeon (10/15)            Temple (0/1) D:5            Lair (4/6) D:8
  Swamp (0/4) Lair:3        Snake (0/4) Lair:3       Bailey (visited)
    Orc: D:9-12

Altars:
Ashenzari
Cheibriados
Dithmenos
Elyvilon
Gozag
Okawaru
Qazlal
Sif Muna
Trog
Vehumet
Yredelemnul
The Shining One

Shops:
D:5 =!?   D:7 !   D:9 :[*:

Annotations:
Lair:4 Rupert


Innate Abilities, Weirdness & Mutations

You cannot be hasted, slowed, berserked, paralysed or teleported.
You can dig through walls and to a lower floor.
You have a pair of large antennae on your head. (SInv)
Your four strong arms can wield two-handed weapons with a shield.


Message History

You feel very mighty all of a sudden.
Rupert hits you with a +1 vorpal great mace!
You slash Rupert!
Rupert is lightly wounded.
You block Rupert's attack.
You slice Rupert!!
Rupert is moderately wounded.
A nearby fungus withers and dies.
Rupert roars madly and goes into a rage!
Rupert goes berserk!
You slice Rupert!!
Rupert is heavily wounded.
Rupert hits you with a +1 vorpal great mace!
You barely miss Rupert.
Rupert is heavily wounded.
Rupert hits you with a +1 vorpal great mace.
You block Rupert's attack.
You slice Rupert!!
You feel better.
Rupert is severely wounded.
Rupert hits you with a +1 vorpal great mace!!!
You hit Rupert.
You feel better.
Rupert is severely wounded.
Rupert hits you but does no damage. You block Rupert's attack.
You closely miss Rupert.
Rupert is severely wounded.
You block Rupert's attack.
You slash Rupert!
You feel better.
Rupert is severely wounded.
Rupert hits you with a +1 vorpal great mace!
Rupert hits you with a +1 vorpal great mace!!!
* * * LOW HITPOINT WARNING * * *
x2 You slash Rupert!
You feel better.
Rupert is severely wounded.
Rupert barely misses you.
You slash Rupert!
Rupert is almost dead.
Rupert completely misses you.
Rupert hits you with a +1 vorpal great mace!!
You die...
Your body crumbles into a pile of gold. #.#....#.####PPPPP ........## P.. ##P.PP...## PP.P

....#.....#
.
.....#...##
######..## #
######..#
##.#...###.#
#...@......#
##.@.##.####
#..##### #..
#.# .. #..
...


You could see Rupert (berserk).

Vanquished Creatures
  A hydra (Lair:3)
  A boulder beetle (Lair:4)
  2 death yaks (Lair:3)
  An orc knight (Bailey)
  8 cane toads
  2 torpor snails (Lair:3)
  2 komodo dragons
  A kobold demonologist (D:9)
  A troll (D:9)
  A polar bear (Lair:1)
  3 blink frogs (Lair:2)
  A hornet (Lair:3)
  2 dream sheep (Lair:3)
  A wraith (D:9)
  10 yaks
  A wyvern (D:9)
  3 basilisks
  3 vampire mosquitoes (Lair:3)
  2 nagas (Lair:3)
  6 water moccasins
  3 orc warriors
  2 hornet zombies (D:8)
  2 ice beasts
  A black bear (D:7)
  An ogre (D:5)
  2 sky beasts
  3 necrophages
  4 centaurs
  2 phantoms (D:5)
  3 kobold brigands
  9 bullfrogs
  A gnoll sergeant (D:9)
  3 scorpions
  19 killer bees
  3 howler monkeys (D:9)
  4 centaur zombies
  2 hounds
  A bullfrog skeleton (D:2)
  3 jellies
  2 orc priests
  2 centaur skeletons
  Terence (D:3)
  Natasha (thrice) (D:4)
  8 orc wizards
  2 killer bee zombies
  A hound zombie (D:5)
  10 gnolls
  6 adders
  A howler monkey skeleton (D:5)
  7 worms
  3 dart slugs
  22 orcs
  9 ball pythons
  4 endoplasms
  3 giant cockroaches
  10 goblins
  2 hobgoblins
  13 jackals
  3 quokkas
  7 bats
  3 frilled lizards
  29 kobolds
  7 rats
278 creatures vanquished.

Vanquished Creatures (others)
  22 fungi
  22 plants
44 creatures vanquished.

Grand Total: 322 creatures vanquished

Notes
Turn   | Place    | Note
-------+----------+-------------------------------------------
     0 | D:1      | Banquo the Formicid Fighter began the quest for the Orb.
     0 | D:1      | Reached XP level 1. HP: 18/18 MP: 1/1
   136 | D:1      | Reached XP level 2. HP: 24/24 MP: 2/2
   423 | D:1      | Reached skill level 3 in Axes
   499 | D:1      | Found a faded altar of an unknown god.
   519 | D:1      | Became a worshipper of Gozag Ym Sagoz the Greedy
   821 | D:1      | Reached XP level 3. HP: 24/29 MP: 3/3
  1393 | D:1      | Found an opulent altar of Gozag.
  1924 | D:2      | You are sucked into a shaft and drop 1 floor!
  1945 | D:3      | Reached skill level 4 in Axes
  1945 | D:3      | Reached XP level 4. HP: 32/35 MP: 4/4
  2097 | D:2      | Reached skill level 5 in Axes
  2097 | D:2      | Reached XP level 5. HP: 41/41 MP: 5/5
  2632 | D:3      | Noticed Terence
  3064 | D:3      | Killed Terence
  3065 | D:3      | Reached XP level 6. HP: 36/47 MP: 6/6
  3161 | D:3      | Reached skill level 6 in Axes
  3730 | D:4      | Identified the +0 chain mail "Nungiz" {+Inv}
  3849 | D:4      | Reached skill level 7 in Axes
  3849 | D:4      | Reached XP level 7. HP: 19/52 MP: 7/7
  4156 | D:4      | Noticed Natasha
  4167 | D:4      | Killed Natasha
  4393 | D:4      | Found a bloodstained altar of Trog.
  4393 | D:4      | Noticed a moth of wrath
  4519 | D:4      | Noticed Natasha
  4534 | D:4      | Killed Natasha
  4749 | D:4      | Noticed Natasha
  4788 | D:4      | Killed Natasha
  4789 | D:4      | Reached skill level 8 in Axes
  4974 | D:5      | Entered Level 5 of the Dungeon
  4974 | D:5      | Found Kituusat's Magic Scroll Shoppe.
  5094 | D:5      | Reached XP level 8. HP: 57/58 MP: 8/8
  5214 | D:5      | Found a staircase to the Ecumenical Temple.
  5382 | D:5      | Reached skill level 1 in Dodging
  5524 | D:5      | Found Ybuphes's Distillery.
  5542 | D:5      | Bought a potion of heal wounds for 65 gold pieces
  5542 | D:5      | Bought a potion of might for 52 gold pieces
  5542 | D:5      | Bought a potion of might for 52 gold pieces
  5646 | D:5      | Reached skill level 9 in Axes
  5646 | D:5      | Reached skill level 5 in Shields
  5859 | D:5      | Found Ocsi's Jewellery Boutique.
  5920 | D:5      | Bought a scroll of acquirement for 624 gold pieces
  6047 | D:6      | Found a radiant altar of Vehumet.
  6192 | D:6      | Reached XP level 9. HP: 64/66 MP: 9/9
  6249 | D:6      | Found a shadowy altar of Dithmenos.
  6309 | D:6      | Identified the +4 whip of Causality {protect, Dex+2 SInv}
  6749 | D:7      | Found Suonkol's Distillery.
  6797 | D:7      | Reached skill level 5 in Fighting
  6809 | D:7      | Identified the +5 morningstar "Nijaidorobam" {flame, *Rage
                  | +Rage rC- Will+++}
  6883 | D:7      | Found a shimmering blue altar of Sif Muna.
  7131 | D:7      | Reached skill level 5 in Armour
  7351 | D:7      | You are sucked into a shaft and drop 3 floors!
  7351 | D:10     | Entered Level 10 of the Dungeon
  7402 | D:9      | Found a glowing golden altar of the Shining One.
  7457 | D:9      | Noticed a kobold demonologist
  7480 | D:9      | Killed a kobold demonologist
  7528 | D:9      | Found Fyntiur's Book Emporium.
  7530 | D:9      | Found Bilu's Antique Armour Emporium.
  7531 | D:9      | Found Ejypibb's Assorted Antiques.
  7532 | D:9      | Found Xomepavo's Book Emporium.
  7539 | D:9      | Noticed a troll
  7568 | D:9      | Killed a troll
  7569 | D:9      | Reached XP level 10. HP: 26/76 MP: 10/10
  7591 | D:9      | Reached skill level 10 in Axes
  7696 | D:9      | Found a flagged portal.
  7728 | Bailey   | Entered a bailey
  7845 | Bailey   | Noticed an orc knight
  7999 | Bailey   | Killed an orc knight
  8145 | Bailey   | Found a burning altar of Makhleb.
  8151 | Bailey   | Identified the +6 scale mail "Xufadavo" {Int+3}
  8198 | D:9      | Bought 3 scrolls labelled TAIBEOR URINE for 105 gold pieces
  8586 | D:7      | Found a broken altar of Ashenzari.
  8595 | D:7      | Found an iron altar of Okawaru.
  8661 | D:7      | Bought a potion of heal wounds for 80 gold pieces
  8695 | D:5      | Bought a potion of heal wounds for 65 gold pieces
  9051 | D:8      | Acquired 1019 gold pieces
  9134 | D:8      | Found a stormy altar of Qazlal.
  9547 | D:8      | Found a staircase to the Lair.
  9895 | D:5      | Bought the ring "Okkezavun" {rF+ rC+} for 546 gold pieces
 10113 | D:9      | Identified the +3 ring mail "Vegue" {rC+ Regen+}
 10161 | D:9      | Reached skill level 11 in Axes
 10494 | D:9      | Found a white marble altar of Elyvilon.
 10538 | D:9      | Reached XP level 11. HP: 66/84 MP: 11/11
 10722 | D:9      | Found a snail-covered altar of Cheibriados.
 10961 | D:9      | Found a basalt altar of Yredelemnul.
 11018 | D:9      | Bought a bloodstained plate armour for 868 gold pieces
 11018 | D:9      | Identified the +1 plate armour of Beogh's Felicitations
                  | {Drain rF+ rN+ Dex+4} (You bought it in a shop on level 9
                  | of the Dungeon)
 11055 | Lair:1   | Entered Level 1 of the Lair of Beasts
 11797 | Lair:1   | Reached skill level 12 in Axes
 12620 | Lair:2   | Identified the +5 ring mail of the Armoured One {Dex+3}
 12968 | Lair:3   | Reached skill level 13 in Axes
 12968 | Lair:3   | Reached XP level 12. HP: 95/95 MP: 12/12
 13093 | Lair:3   | Noticed a death yak
 13093 | Lair:3   | Noticed a death yak
 13189 | Lair:3   | Noticed a seven-headed hydra
 13199 | Lair:3   | Killed a seven-headed hydra
 13282 | Lair:3   | Found a staircase to the Snake Pit.
 13353 | Lair:3   | Found a staircase to the Swamp.
 13677 | Lair:3   | Killed a death yak
 13679 | Lair:3   | Killed a death yak
 13813 | Lair:3   | Reached skill level 10 in Fighting
 14450 | Lair:4   | Noticed a boulder beetle
 14456 | Lair:4   | Reached skill level 14 in Axes
 14596 | Lair:4   | Killed a boulder beetle
 14743 | Lair:4   | Noticed Rupert
 14756 | Lair:4   | Slain by Rupert

Illustrated notes

Levels and vault maps discovered:
D:1:      psy_arrival_conway, layout_loops_cross,
          dreamdust_ecumenical_altar_grove
D:2:      layout_basic
D:3:      wander_river, layout_basic, uniq_terence
D:4:      layout_gridville, tgw_trog, minmay_misc_feat_tiny, moated_statue,
          uniq_natasha
D:5:      layout_basic, minmay_temple_entry_mist, serial_shops,
          nicolae_stop_n_shop_2, shop, shop
D:6:      layout_loops_ring, kennysheep_mini, nicolae_dithmenos_shadow_blocks
D:7:      layout_cave_pods, mainiacjoe_overflow_alcove_1,
          mainiacjoe_overflow_swirl, serial_shops, shop
D:8:      layout_loops_ring, mainiacjoe_overflow_paths,
          grunt_lair_entry_orc_guard_hut
D:9:      layout_gridville, cheibrodos_worm_habitat,
          mainiacjoe_overflow_24_doors, lemuel_zombie_altar_yredelemnul,
          tso_metal_star, enter_bailey_3, minmay_shop_grid_forest
D:10:     layout_roguey, mainiacjoe_overflow_brackets,
          nicolae_overflow_hidden_temple
Lair:1:   layout_long_grid, serial_bayou_pond_c, grunt_megastairs_4
Lair:2:   layout_roguey, beast_lair_carwin_2
Lair:3:   layout_layer_cave, minmay_swamp_entry_swarm,
          guppyfry_snake_entry_island
Lair:4:   layout_loops_ring, minmay_hedge_maze, serial_bayou_shore_b,
          grunt_megastairs_3, uniq_rupert

Skill      XL: |  1  2  3  4  5  6  7  8  9 10 11 12 |
---------------+-------------------------------------+-----
Axes           | 3 4 5 7 8 9 11 13 14 | 14.1
Shields        | 5 7 9 |  9.0
Dodging        | 1 2 3 4 |  4.2
Fighting       | 4 6 7 9 10 | 10.1
Armour         | 4 5 6 7 |  7.7

Action                   |  1- 3 |  4- 6 |  7- 9 | 10-12 || total
-------------------------+-------+-------+-------+-------++-------
Melee: War axe           |    89 |   201 |   371 |    82 ||   743
       Battleaxe         |       |       |       |   532 ||   532
       Demon trident     |       |       |       |     6 ||     6
Throw: Dart              |       |       |       |    32 ||    32
       Boomerang         |       |       |       |    10 ||    10
Invok: Potion Petition   |       |       |       |     1 ||     1
 Abil: Dig               |     3 |     5 |    16 |    22 ||    46
  Use: Scroll            |     1 |     6 |     4 |    12 ||    23
       Potion            |       |       |     2 |     2 ||     4
 Stab: Distracted        |       |       |       |     2 ||     2
Armor: Scale mail        |    54 |    78 |   175 |   223 ||   530
Dodge: Dodged            |    34 |    52 |   125 |   207 ||   418
Block: Kite shield       |    54 |    84 |   201 |   372 ||   711
